 Dungeon Crawl Stone Soup version 0.20-a0-345-gbfb25ec (webtiles) character file.

82705 Faca the Severer (level 16, 0/128 HPs)
             Began as a Formicid Fighter on Dec 22, 2016.
             Was the Champion of Okawaru.
             Killed from afar by a battlesphere (14 damage)
             ... created by a tengu reaver
             ... on level 12 of the Dungeon on Dec 23, 2016.
             The game lasted 01:45:51 (24778 turns).

Faca the Severer (Formicid Fighter)                Turns: 24778, Time: 01:45:53

Health: 0/128      AC: 29    Str: 28    XL:     16   Next: 22%
Magic:  15/16      EV: 12    Int:  8    God:    Okawaru [******]
Gold:   1529       SH: 18    Dex: 19    Spells: 15/15 levels left

rFire  + . .     SeeInvis +     N - +2 battleaxe (flame)
rCold  . . .     Gourm    .     g - +4 chain mail of the Gate {rPois rF+ Dex+4}
rNeg   . . .     Faith    .     c - +0 shield
rPois  +         Spirit   .     (helmet unavailable)
rElec  .         Reflect  +     e - +2 cloak {+Inv}
rCorr  .         Harm     .     n - +1 pair of gloves
MR     +....                    L - +2 pair of boots {Stlth+}
Stlth  ..........               B - amulet "Piyl" {Reflect +Fly rPois SH+3 SInv Stlth+}
                                t - +4 ring of protection
                                y - +5 ring of strength

@: flying, very slightly contaminated, invisible
A: permanent stasis, dig shafts and tunnels, four strong arms, antennae 3
a: Dig, Shaft Self, Heroism, Finesse, Renounce Religion


You were on level 12 of the Dungeon.
You worshipped Okawaru.
Okawaru was exalted by your worship.
You were not hungry.

You visited 4 branches of the dungeon, and saw 21 of its levels.
You also visited: Labyrinth and Volcano.

You collected 2178 gold pieces.
You spent 649 gold pieces at shops.

Inventory:

Hand Weapons
 x - the +1 dire flail "Dakhunuj" {crush, Str+4 Int+2}
   (You bought it in a shop on level 2 of the Orcish Mines)

   It inflicts extra damage upon your enemies.
   It affects your strength (+4).
   It affects your intelligence (+2).
 N - a +2 battleaxe of flaming (weapon)
 O - a +2 great mace of flaming
Missiles
 q - 5 steel tomahawks (quivered)
Armour
 c - a +0 shield (worn)
 e - a +2 cloak of invisibility (worn)
 g - the +4 chain mail of the Gate (worn) {rPois rF+ Dex+4}
   (You bought it in a shop on level 2 of the Orcish Mines)

   It affects your dexterity (+4).
   It protects you from fire.
   It protects you from poison.
 n - a +1 pair of gloves (worn)
 G - the +2 cloak of the Thief {+Fog Slay-2 SInv Stlth+}
   (You acquired it on level 3 of the Lair of Beasts)

   It affects your accuracy and damage with ranged weapons and melee attacks
   (-2).
   It lets you see invisible.
   It can be evoked to emit clouds of fog.
   It makes you more stealthy.
 L - a +2 pair of boots of stealth (worn)
Jewellery
 t - a +4 ring of protection (right hand)
 y - a +5 ring of strength (left hand)
 B - the amulet "Piyl" (around neck) {Reflect +Fly rPois SH+3 SInv Stlth+}
   (You found it on level 10 of the Dungeon)

   [amulet of reflection]

   It shields you and reflects attacks.
   It protects you from poison.
   It lets you see invisible.
   It lets you fly.
   It affects your SH (+3).
   It makes you more stealthy.
 P - the ring of Sunlight {rCorr MR+}
   (You found it on level 6 of the Lair of Beasts)

   [ring of resist corrosion]

   It affects your resistance to hostile enchantments.
Wands
 a - a wand of iceblast (11/15)
 w - a wand of lightning (8/15)
 A - a wand of lightning (8/15)
 H - a wand of disintegration (9/24)
 J - a wand of disintegration (4/24)
Scrolls
 m - 2 scrolls of enchant armour
 s - 2 scrolls of enchant weapon
 u - 9 scrolls of recharging
 C - a scroll of fear
 D - 5 scrolls of remove curse
 E - a scroll of identify
 R - a scroll of fog
Potions
 b - a potion of agility
 h - 2 potions of cancellation
 k - 3 potions of invisibility
 l - 3 potions of flight
 o - 3 potions of ambrosia
 p - a potion of resistance
 v - 4 potions of curing
 F - a potion of cure mutation
 I - 3 potions of heal wounds
 K - a potion of might
 Q - 2 potions of lignification
Miscellaneous
 d - a sack of spiders
 M - a phial of floods
Comestibles
 f - 9 bread rations
 i - 7 beef jerkies
 j - 2 slices of pizza
 r - 6 meat rations
 z - 19 royal jellies


   Skills:
 + Level 12.3 Fighting
 + Level 17.5(17.8) Axes
 + Level 5.2(12.8) Maces & Flails
 + Level 11.2 Armour
 + Level 4.0 Dodging
 + Level 2.9 Stealth
 + Level 14.8 Shields
 + Level 0.5 Invocations


You had 15 spell levels left.
You didn't know any spells.

Dungeon Overview and Level Annotations

Branches:
Dungeon (12/15)            Temple (1/1) D:4            Lair (6/6) D:8
 Shoals (0/4) Lair:4       Spider (0/4) Lair:3        Slime (0/5) Lair:6
    Orc (2/2) D:10            Elf (0/3) Orc:2

Altars:
Ashenzari
Dithmenos
Kikubaaqudgha
Nemelex Xobeh
Okawaru
Qazlal
Ru
Sif Muna
Vehumet
Xom
Yredelemnul
Zin
The Shining One
Beogh
Jiyva

Shops:
Orc:1 !   Orc:2 [[(=


Innate Abilities, Weirdness & Mutations

You cannot be hasted, slowed, berserked, paralysed or teleported.
You can dig through walls and to a lower floor.
Your four strong arms can wield two-handed weapons with a shield.
You have a pair of large antennae on your head. (SInv)


Message History

The barrage of energy hits you!
* * * LOW HITPOINT WARNING * * *
You fade into invisibility!
You are very lightly contaminated with residual magic.
You feel very buoyant.
You fly up into the air.
The battlesphere is engulfed in roaring flames.
The battlesphere is engulfed in a forest fire.
The orc warlord is engulfed in roaring flames.
The tengu reaver is engulfed in a cloud of scalding steam.
The battlesphere is engulfed in roaring flames.
The electric eel is engulfed in roaring flames.
The electric eel dies!
The tengu reaver is engulfed in a cloud of scalding steam.
The tengu reaver casts a spell at you.
The fireball explodes!
The fireball engulfs you! You resist.
* * * LOW HITPOINT WARNING * * *
The tree burns like a torch!
The battlesphere fires!
The barrage of energy hits you!
You die...

♣♣≈≈≈≈≈♣♣ ♣♣≈≈≈≈≈♣♣
♣♣≈≈≈♣♣ ♣♣≈≈≈♣♣ ♣♣≈♣♣
♣♣≈♣♣ #(# ### ♣♣)♣♣ ♣≈♣♣
♣♣≈)(♣♣ ♣≈≈≈♣ ♣♣≈≈≈≈≈♣♣♣
♣≈≈≈≈≈ ♣♣≈≈≈≈≈§§§♣
♣♣≈≈≈≈≈≈
♣♣≈≈♣≈≈≈§@§♣♣#♣§≈≈♣≈≈≈♣
♣≈≈≈≈.[.§§§Q§#§≈Q≈≈.).≈
#≈≈≈≈≈(♣.≈≈o§*§§§≈≈≈)♣
#♣≈≈≈≈.[.≈§§§§#§≈≈≈≈.).≈
♣♣≈≈♣≈≈≈♣≈≈♣♣#♣♣≈≈♣≈≈≈♣
♣♣≈≈≈≈≈≈≈♣♣ ♣≈≈≈≈≈≈
♣♣≈≈≈≈≈♣♣ ♣≈≈≈≈≈ ♣♣≈≈≈♣♣
♣≈≈≈♣ ♣♣≈♣♣ ♣≈♣♣


You could see an orc warlord, a tengu reaver and a battlesphere.

Vanquished Creatures
  Rupert (Lair:3)
  2 orc warlords
  The ghost of hellotanjent the Bludgeoner, a journeyman GrFi of Ashenzari (Orc:2)
  A minotaur (Lab)
  A fire dragon (Lair:6)
  Josephine (D:12)
  The ghost of Uniporpoise the Basher, a journeyman MiFi of Okawaru (Lab)
  A great orb of eyes (D:12)
  Erolcha (D:9)
  Fannar (Orc:1)
  7 hydras
  A catoblepas (Lair:6)
  4 two-headed ogres
  A dancing weapon (Volcano)
  A tengu warrior (D:12)
  6 death yaks
  Nergalle (D:11)
  Urug (Lair:3)
  2 unseen horrors
  A swamp dragon (Lair:6)
  5 wizards (Volcano)
  2 orc knights (Orc:2)
  A lindwurm (Lair:4)
  5 oklob plants
  A cyclops (D:12)
  3 orc sorcerers (Orc:2)
  An ugly thing (D:12)
  2 manticores
  3 elephants (Lair:4)
  5 toenail golems (Volcano)
  2 black mambas (Lair:6)
  6 spiny frogs
  6 rime drakes
  A yaktaur (D:12)
  4 komodo dragons
  8 trolls
  9 polar bears (Lair:6)
  18 blink frogs
  Grinder (D:5)
  3 raiju (Lair:6)
  A slime creature (D:12)
  15 hippogriffs
  Sigmund (D:4)
  2 water elementals (D:12)
  A shadow (D:11)
  2 vampires
  6 wyverns
  32 yaks
  5 wraiths (D:12)
  7 basilisks
  2 hungry ghosts
  2 steam dragons
  Menkaure (D:7)
  A soldier ant (D:12)
  8 wargs
  An acid dragon (D:10)
  12 water moccasins
  6 porcupines
  34 orc warriors
  16 hell hounds
  6 ice beasts
  A swamp drake (Lair:6)
  2 sky beasts
  12 black bears
  A phantom (D:8)
  18 wolves
  11 ogres
  6 necrophages (Lair:2)
  8 crocodiles
  7 centaurs
  Blork the orc (D:5)
  13 bullfrogs
  A wyvern zombie (D:7)
  A big kobold (D:9)
  6 scorpions
  27 killer bees
  2 troll skeletons (Lab)
  A spriggan skeleton (Lab)
  19 wights
  4 howler monkeys
  5 electric eels
  A crimson imp (D:5)
  5 centaur zombies
  2 bullfrog zombies
  5 hounds
  2 quasits (D:12)
  7 jellies
  4 bullfrog skeletons
  27 orc priests
  3 centaur skeletons
  5 iguanas
  29 orc wizards
  6 hell rats (Lair:6)
  7 worker ants
  A killer bee zombie (D:6)
  An ogre skeleton (Lab)
  3 hound skeletons
  3 howler monkey zombies
  2 worker ant zombies
  28 gnolls
  17 adders
  2 shadow imps (D:8)
  5 oozes (D:10)
  An adder skeleton (D:6)
  2 adder zombies (D:6)
  A worm (D:3)
  6 dart slugs
  4 leopard geckos
  116 orcs
  6 bats
  4 giant cockroaches
  4 goblins (D:1)
  6 hobgoblins
  11 jackals
  3 quokkas
  3 ball pythons
  6 frilled lizards
  A giant cockroach zombie (D:6)
  A jackal skeleton (D:7)
  13 kobolds
  A leopard gecko skeleton (D:5)
  A quokka zombie (D:6)
  9 rats
  8 fungi
  9 plants
810 creatures vanquished.

Vanquished Creatures (collateral kills)
  A wyvern (Lair:4)
1 creature vanquished.

Vanquished Creatures (others)
  An unseen horror (D:12)
  An electric eel (D:12)
  A crimson imp (D:12)
  An orc (Orc:2)
  9 fungi
  22 plants
35 creatures vanquished.

Grand Total: 846 creatures vanquished

Notes
Turn   | Place    | Note
-------+----------+-------------------------------------------
     0 | D:1      | Faca the Formicid Fighter began the quest for the Orb.
     0 | D:1      | Reached XP level 1. HP: 18/18 MP: 1/1
    65 | D:1      | Reached XP level 2. HP: 24/24 MP: 2/2
   261 | D:1      | Reached XP level 3. HP: 27/29 MP: 3/3
   912 | D:2      | Reached XP level 4. HP: 10/35 MP: 4/4
  1487 | D:2      | Reached skill level 3 in Axes
  1487 | D:2      | Reached skill level 1 in Dodging
  1735 | D:2      | Upgraded the game from 0.20-a0-336-g7b05759 to 0.20-a0-345-gbfb25ec
  1858 | D:3      | Reached XP level 5. HP: 41/41 MP: 5/5
  2175 | D:3      | Reached XP level 6. HP: 38/48 MP: 6/6
  2467 | D:4      | Reached skill level 4 in Axes
  2526 | D:4      | Reached skill level 5 in Shields
  2527 | D:4      | Noticed Sigmund
  2537 | D:4      | Killed Sigmund
  2537 | D:4      | Reached skill level 5 in Axes
  2537 | D:4      | Reached skill level 1 in Stealth
  2537 | D:4      | Reached XP level 7. HP: 52/54 MP: 7/7
  2759 | D:4      | Found a staircase to the Ecumenical Temple.
  2773 | Temple   | Entered the Ecumenical Temple
  2808 | Temple   | Became a worshipper of Warmaster Okawaru
  2929 | D:4      | Reached skill level 6 in Axes
  3033 | D:4      | Reached XP level 8. HP: 56/61 MP: 8/8
  3360 | D:4      | Found a sacrificial altar of Ru.
  3478 | D:5      | Entered Level 5 of the Dungeon
  3496 | D:5      | Reached * piety under Okawaru
  3567 | D:5      | Noticed Blork the orc
  3580 | D:5      | Killed Blork the orc
  3622 | D:5      | Reached skill level 5 in Armour
  3759 | D:5      | Noticed Grinder
  3784 | D:5      | Killed Grinder
  3784 | D:5      | Reached ** piety under Okawaru
  3784 | D:5      | Reached skill level 5 in Fighting
  3784 | D:5      | Reached skill level 7 in Axes
  4066 | D:6      | Reached XP level 9. HP: 56/68 MP: 9/9
  4236 | D:6      | Reached skill level 8 in Axes
  5350 | D:7      | Reached *** piety under Okawaru
  5368 | D:7      | Reached skill level 9 in Axes
  5414 | D:7      | Got a fine rapier
  5415 | D:7      | Identified the cursed +3 rapier "Wigeifut" {venom, Int+4} (You found it on level 7 of the Dungeon)
  5828 | D:7      | Noticed Menkaure
  5833 | D:7      | Killed Menkaure
  5958 | D:7      | Reached XP level 10. HP: 52/76 MP: 10/10
  6088 | D:7      | Reached **** piety under Okawaru
  6140 | D:7      | Received a gift from Okawaru
  6140 | D:7      | Reached skill level 10 in Axes
  6863 | D:8      | Found a staircase to the Lair.
  7847 | D:8      | Noticed a two-headed ogre
  7854 | D:8      | Killed a two-headed ogre
  7854 | D:8      | Reached skill level 11 in Axes
  7854 | D:8      | Reached XP level 11. HP: 53/84 MP: 7/11
  8055 | D:9      | Reached ***** piety under Okawaru
  8069 | D:9      | Noticed Erolcha
  8089 | D:9      | Killed Erolcha
  8090 | D:9      | Found a basalt altar of Yredelemnul.
  8776 | D:9      | Noticed a death yak
  8782 | D:9      | Received a gift from Okawaru
  8801 | D:9      | Reached skill level 12 in Axes
  8808 | D:9      | Killed a death yak
  9323 | D:10     | Entered Level 10 of the Dungeon
  9361 | D:10     | Noticed an unseen horror
  9390 | D:10     | Reached ****** piety under Okawaru
  9407 | D:10     | Killed an unseen horror
  9407 | D:10     | Received a gift from Okawaru
  9407 | D:10     | Reached XP level 12. HP: 47/94 MP: 10/12
  9730 | D:10     | Reached skill level 1 in Maces & Flails
  9802 | D:10     | Found a staircase to the Orcish Mines.
 10032 | D:10     | Got a twitching jade amulet
 10033 | D:10     | Identified the amulet "Piyl" {Reflect +Fly rPois SH+3 SInv Stlth+} (You found it on level 10 of the Dungeon)
 10380 | Lair:1   | Entered Level 1 of the Lair of Beasts
 10613 | Lair:1   | Reached skill level 10 in Shields
 11222 | Lair:2   | Reached skill level 13 in Axes
 11270 | Lair:2   | Noticed a seven-headed hydra
 11288 | Lair:2   | Killed a seven-headed hydra
 11288 | Lair:2   | Received a gift from Okawaru
 11979 | Lair:2   | Noticed a six-headed hydra
 11990 | Lair:2   | Killed a six-headed hydra
 12309 | Lair:3   | Found a hole to the Spider Nest.
 12410 | Lair:3   | Noticed Rupert
 12439 | Lair:3   | Killed Rupert
 12439 | Lair:3   | Reached XP level 13. HP: 36/101 MP: 13/13
 12725 | Lair:3   | Noticed Urug
 12752 | Lair:3   | Killed Urug
 12976 | Lair:3   | Identified a scroll of acquirement
 13061 | Lair:3   | Received a gift from Okawaru
 13283 | Lair:4   | Found a staircase to the Shoals.
 13840 | Lair:4   | Reached skill level 14 in Axes
 14683 | Lair:5   | Reached skill level 10 in Fighting
 15103 | Lair:5   | Received a gift from Okawaru
 15277 | Lair:6   | Entered Level 6 of the Lair of Beasts
 15361 | Lair:6   | Found a dark tunnel.
 15381 | Volcano  | Entered a volcano
 15397 | Volcano  | Reached skill level 10 in Armour
 15486 | Volcano  | Reached XP level 14. HP: 94/111 MP: 14/14
 15705 | Volcano  | Reached skill level 15 in Axes
 15828 | Lair:6   | Found a runed door.
 15828 | Lair:6   | Found a viscous altar of Jiyva.
 15828 | Lair:6   | Found a staircase to the Slime Pits.
 15969 | Lair:6   | Received a gift from Okawaru
 16390 | Lair:6   | Got a bound tin ring
 16790 | Lair:6   | Identified the ring of Sunlight {rCorr MR+} (You found it on level 6 of the Lair of Beasts)
 16841 | Lair:6   | Received a gift from Okawaru
 17029 | Lair:6   | Received a gift from Okawaru
 18013 | Lair:6   | Reached skill level 16 in Axes
 18066 | Lair:5   | Reached XP level 15. HP: 68/119 MP: 15/15
 18959 | Orc:1    | Entered Level 1 of the Orcish Mines
 18982 | Orc:1    | Noticed Fannar
 19008 | Orc:1    | Killed Fannar
 19120 | Orc:1    | Found Zoprec's Distillery.
 19156 | Orc:1    | Bought a potion of lignification for 33 gold pieces
 19156 | Orc:1    | Bought a potion of lignification for 33 gold pieces
 19186 | Orc:1    | Found a roughly hewn altar of Beogh.
 19419 | Orc:1    | Received a gift from Okawaru
 19443 | Orc:1    | Found a roughly hewn altar of Beogh.
 19636 | Orc:2    | Entered Level 2 of the Orcish Mines
 19793 | Orc:2    | Noticed an orc warlord
 19817 | Orc:1    | Killed an orc warlord
 20168 | Orc:2    | Found a roughly hewn altar of Beogh.
 20257 | Orc:2    | Noticed hellotanjent's ghost (journeyman GrFi)
 20288 | Orc:2    | Killed hellotanjent's ghost
 20559 | Orc:2    | Found a roughly hewn altar of Beogh.
 20614 | Orc:2    | Found a roughly hewn altar of Beogh.
 20615 | Orc:2    | Found Joazicot's Antique Armour Boutique.
 20661 | Orc:2    | Found a roughly hewn altar of Beogh.
 20696 | Orc:2    | Found a staircase to the Elven Halls.
 20744 | Orc:2    | Bought a brightly glowing chain mail for 304 gold pieces
 20775 | Orc:2    | Found a roughly hewn altar of Beogh.
 20801 | Orc:2    | Found a roughly hewn altar of Beogh.
 20802 | Orc:2    | Found Qiaxusaf's Jewellery Shop.
 20900 | Orc:2    | Found a roughly hewn altar of Beogh.
 20981 | Orc:2    | Found a roughly hewn altar of Beogh.
 21033 | Orc:2    | Found a roughly hewn altar of Beogh.
 21219 | Orc:2    | Identified the +4 chain mail of the Gate {rPois rF+ Dex+4} (You bought it in a shop on level 2 of the Orcish Mines)
 21330 | Orc:2    | Noticed an orc warlord
 21332 | Orc:2    | Received a gift from Okawaru
 21374 | Orc:2    | Killed an orc warlord
 21374 | Orc:2    | Reached skill level 17 in Axes
 21581 | Orc:2    | Found a roughly hewn altar of Beogh.
 21581 | Orc:2    | Found Cuuhuat's Antique Weapon Emporium.
 21583 | Orc:2    | Found Rudu Foe's Antique Armour Shoppe.
 21596 | Orc:2    | Bought a steaming dire flail for 279 gold pieces
 21596 | Orc:2    | Identified the cursed +1 dire flail "Dakhunuj" {crush, Str+4 Int+2} (You bought it in a shop on level 2 of the Orcish Mines)
 21921 | D:11     | Got a dazzling trident
 21922 | D:11     | Identified the +1 trident of the Twelve Orbs {pain, rC- Str+2 Dex+3 Stlth+} (You found it on level 11 of the Dungeon)
 22091 | D:11     | Found a labyrinth entrance.
 22106 | Lab      | Entered a labyrinth
 22471 | Lab      | Noticed Uniporpoise's ghost (journeyman MiFi)
 22490 | Lab      | Killed Uniporpoise's ghost
 23656 | D:11     | Noticed Nergalle
 23669 | D:11     | Killed Nergalle
 24150 | D:12     | Noticed Josephine
 24154 | D:12     | Killed Josephine
 24154 | D:12     | Reached XP level 16. HP: 125/127 MP: 16/16
 24302 | D:12     | Reached skill level 5 in Maces & Flails
 24768 | D:12     | Noticed a tengu reaver
 24778 | D:12     | Killed from afar by a battlesphere

Vault maps used:
D:1:      co_arrival_square_in_a_square_in_a_square
D:2:      first_bread
D:3:      hangedman_feature_mirror, kennysheep_cluttered_room
D:4:      nicolae_ru_the_path_less_chosen, uniq_sigmund
D:5:      uniq_blork_the_orc, uniq_grinder
D:6:      serial_undead, serial_undead_f, serial_undead_d, serial_undead_d,
          serial_undead_b
D:7:      uniq_menkaure
D:8:      minmay_lair_entry_lava
D:9:      argonaut_augean_stables, basic_altar, uniq_erolcha
D:10:     orc_0_dummy, hangedman_little_slice_of_home
D:11:     lab_entry_generic, serial_bayou_pond_b, uniq_nergalle
D:12:     kennysheep_four_of_diamonds, uniq_josephine
Temple:   nicolae_temple_the_god_donut
Lair:1:   grunt_megastairs_4
Lair:2:   roderic_carrion_pond, grunt_megastairs_1
Lair:3:   spider_nest_entry_web_field, infiniplex_staircase_pool_2, uniq_urug,
          uniq_rupert
Lair:4:   elwin_shoals_entry_rocks, beast_lair_carwin_2,
          minmay_lair_oklob_chamber, lemuel_fruit_tree, serial_bayou_shore_a
Lair:6:   guppyfry_lair_end_dragon, hangedman_lair_caniforms_friends,
          slime_altar_2, enter_volcano_2
Orc:1:    basic_altar, serial_shops, shop_statue, minmay_orc_temple_b,
          uniq_fannar
Orc:2:    grunt_orc_community_town_hall, grunt_orc_community_big_house_1,
          grunt_orc_community_big_house_1, grunt_orc_community_house_3,
          grunt_orc_community_house_2, grunt_orc_community_house_1,
          grunt_orc_community_house_2, grunt_orc_community_house_1,
          grunt_orc_community_house_2, basic_altar
Lab:      labyrinth_watery, labyrinth_skeletal_remains, nicolae_lab_x
Volcano:  volcano_bunker

Skill      XL: |  1  2  3  4  5  6  7  8  9 10 11 12 13 14 15 16 |
---------------+-------------------------------------------------+-----
Armour         | 4 5 6 7 8 9 10 11 | 11.2
Shields        | 4 5 6 8 9 11 12 13 14 | 14.8
Axes           | 3 5 6 7 9 11 12 13 14 16 17 | 17.5
Dodging        | 1 2 3 4 |  4.0
Fighting       | 4 5 7 8 9 10 11 12 | 12.3
Stealth        | 1 2 |  2.9
Maces & Flails | 4 5 |  5.2
Invocations    | |  0.5

Action                   |  1- 3 |  4- 6 |  7- 9 | 10-12 | 13-15 | 16-18 || total
-------------------------+-------+-------+-------+-------+-------+-------++-------
Melee: War axe           |   106 |   194 |   376 |   409 |       |       ||  1085
       Morningstar       |       |       |       |   177 |    20 |       ||   197
       Battleaxe         |       |       |       |   101 |  1215 |   121 ||  1437
       Great mace        |       |       |       |       |     9 |    25 ||    34
Invok: Finesse           |       |       |       |       |     1 |       ||     1
 Abil: Dig               |       |       |       |       |     4 |       ||     4
Evoke: Wand              |       |       |       |       |     1 |       ||     1
  Use: Scroll            |     5 |     4 |     9 |     8 |    10 |     1 ||    37
       Potion            |       |     1 |     1 |     1 |       |     2 ||     5
 Stab: Distracted        |       |       |     1 |       |     2 |       ||     3
       Petrifying        |       |       |       |       |     1 |       ||     1
       Petrified         |       |       |       |       |     1 |       ||     1
  Eat: Meat ration       |       |     1 |     1 |     5 |     2 |       ||     9
       Chunk             |       |     1 |     3 |     1 |     6 |       ||    11
       Fruit             |       |       |     4 |       |    23 |       ||    27
       Royal jelly       |       |       |       |     1 |     2 |       ||     3
Armor: Scale mail        |    44 |    92 |    79 |       |       |       ||   215
       Plate armour      |       |       |    45 |   409 |   417 |       ||   871
       Chain mail        |       |       |       |       |    54 |    34 ||    88
Dodge: Dodged            |    34 |    88 |   105 |   204 |   296 |    38 ||   765
Block: Shield            |    57 |   107 |   183 |   510 |   933 |    90 ||  1880
       Reflection        |       |       |       |       |    29 |     5 ||    34
